Map: Dédale EC

Players

zuka - Winner!

  • Race: Zerg Zerg
  • League: Master
  • Spawn Location: 1:00

IA (très facile)

  • Race: Protoss Protoss
  • Spawn Location: 7:00

VOD

Have the link to the VOD?

Description

Time

  • Played on: Aug. 29, 2018, 1:17 p.m.
  • Length: 11:22
Show
View Real Time Build Order
Export as new Build Order

zuka Zerg - Winner!

Build Orders: Hatch First, Lurkers 

Get SALT Encoding   

  12  0:01  Drone  
  13  0:12  Overlord  
  13  0:17  Drone  
  14  0:31  Drone x2  
  14  0:35  Drone  
  17  0:52  Hatchery  
  17  0:56  Drone  
  17  0:59  Drone  
  17  1:02  Extractor  
  17  1:09  Drone  
  18  1:18  Spawning Pool  
  18  1:22  Drone  
  18  1:32  Drone  
  19  1:39  Drone  
  20  1:50  Drone  
  21  2:02  Overlord  
  21  2:05  Queen x2  
  25  2:08  Metabolic Boost  
  25  2:10  Zergling x2  
  25  2:14  Zergling x2  
  27  2:17  Drone  
  27  2:22  Drone  
  29  2:31  Drone  
  30  2:40  Drone  
  30  2:41  Drone  
  32  2:48  Overlord  
  32  2:50  Drone  
  33  2:56  Drone  
  33  2:57  Lair  
  34  3:00  Drone  
  35  3:09  Queen  
  35  3:11  Drone x2  
  39  3:21  Roach Warren, Drone x3  
  39  3:22  Drone x3  
  44  3:30  Evolution Chamber  
  44  3:33  Overlord  
  43  3:43  Spore Crawler  
  43  3:44  Spore Crawler  
  41  3:50  Drone x3  
  41  3:51  Drone x2  
  46  3:59  Drone x2  
  46  4:00  Drone x2  
  46  4:02  Glial Reconstitution  
  49  4:07  Zerg Missile Weapons Level 1  
  49  4:09  Extractor  
  48  4:11  Extractor  
  48  4:13  Overlord  
  48  4:14  Overlord  
  48  4:15  Drone x3  
  50  4:21  Overlord  
  50  4:35  Roach x4  
  50  4:37  Roach  
  60  4:44  Roach x2  
  64  4:46  Roach  
  64  4:48  Overlord  
  64  4:51  Hatchery  
  65  4:58  Roach x2  
  65  4:59  Roach  
  71  5:04  Roach x2  
  71  5:05  Overlord  
  75  5:13  Drone x4  
  79  5:23  Evolution Chamber  
  79  5:24  Overlord  
  78  5:33  Drone x2  
  78  5:34  Overlord, Drone  
  81  5:36  Drone x2  
  81  5:37  Drone x2  
  81  5:40  Extractor  
  84  5:45  Drone x2  
  85  5:56  Zerg Ground Armor Level 1  
  85  6:04  Zerg Missile Weapons Level 2  
  85  6:08  Drone x3  
  85  6:09  Drone x4  
  92  6:16  Extractor, Drone  
  92  6:17  Drone  
  93  6:21  Extractor  
  92  6:27  Hydralisk Den, Overlord x3  
  92  6:29  Drone x4  
  95  6:41  Drone  
  95  6:43  Spore Crawler  
  95  6:50  Drone x4  
  95  6:51  Drone x2  
  95  6:52  Drone  
  95  6:53  Drone  
  103  7:00  Lurker Den  
  103  7:01  Hydralisk x5  
  102  7:05  Grooved Spines  
  112  7:23  Hydralisk, Hatchery  
  112  7:24  Hydralisk x8  
  112  7:26  Roach  
  131  7:32  Hydralisk  
  131  7:33  Hydralisk  
  135  7:42  Hatchery  
  134  7:48  Hydralisk  
  134  7:49  Hydralisk  
  134  7:51  Overlord x4  
  138  8:06  Overlord x2  
  138  8:07  Overlord  
  138  8:10  Hydralisk  
  138  8:11  Hydralisk x5  
  150  8:17  Muscular Augments  
  150  8:25  Hydralisk x2  
  150  8:26  Hydralisk x5  
  162  8:28  Roach x2, Overlord  
  168  8:43  Hydralisk x3  
  168  8:44  Hydralisk x2  
  178  8:48  Overseer  
  178  8:52  Hydralisk  
  178  8:53  Hydralisk  
  178  8:55  Zergling x2, Roach  
  185  8:59  Zergling x8  
  189  9:06  Hydralisk  
  189  9:07  Zergling x4  
  189  9:08  Zergling x12  
  199  9:26  Hydralisk  
  199  9:27  Infestation Pit  
  200  10:00  Roach  
  192  10:17  Ravager  
  190  10:22  Lurker x6  
  190  10:23  Lurker x2  
  198  10:42  Spire  
  197  10:58  Hydralisk  
  197  10:59  Zergling x2  
Show
View Real Time Build Order
Export as new Build Order

IA (très facile) Protoss 

Build Orders:  

Get SALT Encoding   

  12  0:00  Probe  
  13  0:13  Probe  
  14  0:20  Pylon  
  14  0:36  Assimilator  
  14  0:43  Gateway  
  14  0:47  Pylon  
  14  1:15  Assimilator  
  14  1:17  Probe  
  14  1:25  Probe  
  16  1:33  Probe  
  16  1:35  Cybernetics Core  
  17  1:43  Probe  
  18  1:54  Probe  
  19  2:01  Warp Gate  
  19  2:02  Probe  
  20  2:14  Stalker  
  22  5:27  Zealot  
  24  5:28  Pylon  
  24  5:29  Probe  
  24  5:34  Robotics Facility  
  25  5:37  Probe  
  26  5:45  Probe  
  27  5:55  Probe  
  27  6:03  Pylon  
  26  6:05  Probe  
  27  6:13  Probe  
  28  6:21  Zealot  
  28  6:22  Observer  
  31  6:44  Observer  
  32  7:00  Nexus  
  32  7:14  Stalker  
  34  8:12  Probe  
  35  8:15  Probe  
  36  8:22  Assimilator  
  36  8:24  Assimilator  
  36  8:26  Probe  
  37  8:29  Probe  
  38  8:41  Probe  
  39  8:48  Probe  
  41  8:55  Probe  
  41  9:02  Probe  
  42  9:09  Probe  
  43  9:13  Probe  
  43  9:20  Probe  
  44  9:29  Stalker  
  44  9:31  Probe  
  43  9:37  Probe  
  42  9:39  Observer  
  41  9:46  Probe  
  42  9:53  Probe  
  42  9:58  Stalker  
  43  10:01  Pylon  
  31  10:08  Probe  
  28  10:16  Probe  
  25  10:24  Probe  
  25  10:27  Immortal  
  29  10:34  Probe  
  30  10:46  Probe  
  30  10:53  Gateway  
  30  10:55  Stalker  
  6  11:07  Robotics Bay  
Tags
 
Composition
Lurkers
League
Master
Matchup
PvZ
Spawn Locations
Cross Positions
Add a new tag
Caveats
  • Supply blocks, unpowered buildings, or Contaminate may cause inaccurate times.
  • Supply counts are checked every 10 seconds.